 Dungeon Crawl Stone Soup version 0.31-a0-473-g61b50ae490 (webtiles) character file.

Game seed: 6277207886778249808

167 avis the Ducker (level 5, -3/24 HPs)
             Began as a Felid Shapeshifter on Aug 6, 2023.
             Killed by divine providence
             ... invoked by an orc priest
              (13 damage)
             ... on level 3 of the Dungeon on Aug 7, 2023.
             The game lasted 00:13:36 (2322 turns).

avis the Ducker (Felid Shapeshifter)                Turns: 2322, Time: 00:13:37

Health: -3/24      AC:  1    Str: 11    XL:     5   Next: 23%
Magic:  6/6        EV: 21    Int:  9    God:
Gold:   105        SH:  0    Dex: 19    Spells: 4/4 levels left
                                        Lives:  0   Deaths: 1

rFire   . .          .
                       - Unarmed
rCold   . . .        (shield unavailable)
rNeg    . . .        (body armour unavailable)
rPois   .            (helmet unavailable)
rElec   .            (cloak unavailable)
rCorr   .            (gloves unavailable)
SInv    +            (boots unavailable)
Will    .....        (no amulet)
Stlth   ++           (no ring)
HPRegen 0.24/turn    (no ring)
MPRegen 0.10/turn

%: no passive effects
@: beast-form, quick
A: beast (slay +2), very small, claws 1, fangs 3, see invisible, speed 1, shaggy
fur 1, stealthy paws, no weapons or thrown items, no armour, multi-lived
a: Begin Untransformation


You were on level 3 of the Dungeon.
You were a hulking beast.
You visited 1 branch of the dungeon, and saw 4 of its levels.

You collected 105 gold pieces.

Inventory:

Jewellery
 h - a ring of willpower
Talismans
 b - a beast talisman (active)
Scrolls
 c - 4 scrolls of fog {unknown}
 e - 7 scrolls of identify {unknown}
 f - a scroll of vulnerability {unknown}
 g - a scroll of enchant weapon {unknown}
Potions
 a - 2 potions of lignification
 d - a potion of ambrosia {unknown}
 i - 2 potions of mutation {unknown}
 j - a potion of heal wounds {unknown}
 k - a potion of brilliance {unknown}
 l - a potion of enlightenment {unknown}


   Skills:
 + Level 3.1 Fighting
 * Level 6.4 Dodging
 - Level 2.0 Stealth
 - Level 3.0 Unarmed Combat
 - Level 3.2 Shapeshifting


You had 4 spell levels left.
You didn't know any spells.
Your spell library contained the following spells:

 Spells                   Type           Power      Damage    Failure   Level
 Tukima's Dance           Hex            0%         N/A       77%         3
 Vhi's Electric Charge    Tloc/Air       0%         N/A       77%         3
 Passage of Golubria      Tloc           0%         N/A       99%         4
 Arcjolt                  Conj/Air       0%         1d10      100%        5
 Yara's Violent Unravell  Hex/Tmut       0%         3d3       100%        5
 Plasma Beam              Fire/Air       0%         2x1d10    100%        6


Dungeon Overview and Level Annotations

Branches:
Dungeon (4/15)
 Temple: D:4-7

Altars:

Shops:
D:2 [


Innate Abilities, Weirdness & Mutations

You are a hulking beast.
Your limbs bulge with bestial killing power. (Slay +2)
You have sharp claws.
You have razor-sharp teeth.
You have supernaturally acute eyesight. (SInv)
You cover ground quickly. (Speed+)
You are covered in fur. (AC +1)
Your paws help you pounce on unaware monsters.
You are incapable of wielding weapons or throwing items.
You cannot wear armour.
You gain extra lives every three experience levels.


Message History

Things that are here:
a +0 morningstar; 3 boomerangs
There is a stone staircase leading up here.
You now have 105 gold pieces (gained 10).
There is a stone staircase leading up here.
You climb upwards.
There is a stone staircase leading down here.
There is a stone staircase leading down here.
The orc priest shouts!
You scratch the orc priest but do no damage.
The orc priest mumbles some strange prayers to Beogh against you.
Beogh smites you!
You scratch the orc priest but do no damage.
Your bite misses the orc priest. The orc priest closely misses you.
You closely miss the orc priest. The orc priest hits you with a +0 club.
You scratch the orc priest but do no damage.
Your bite misses the orc priest. The orc priest closely misses you.
You scratch the orc priest but do no damage.
The orc priest barely misses you.
You scratch the orc priest.
You bite the orc priest, but do no damage.
The orc priest is moderately wounded.
The orc priest barely misses you.
You scratch the orc priest.
You bite the orc priest, but do no damage.
The orc priest is heavily wounded.
The orc priest hits you with a +0 club.
You scratch the orc priest.
The orc priest is severely wounded.
The orc priest closely misses you.
You scratch the orc priest but do no damage.
Your bite misses the orc priest.
The orc priest is severely wounded.
The orc priest closely misses you.
You barely miss the orc priest.
The orc priest is severely wounded.
The orc priest invokes the aid of Beogh against you.
Beogh smites you!
Ouch! That really hurt!
You die...

#.†#####
#..##...###.)....#
#.†...#
#.......####..####
####..#
##<..........#.##
#..##
#.....>.##.###.##
##...##
#.......#.#####.#
#..#..#
#.......##.....##
#.###.#
#.......###.#.##
#..#..# #.......#
#...# ##....#
#...h...# ##.##
####.# #...o...# #.#
#.# ######### #.#
#.# #.#
##.##############.#
##...#.............#
#......###...#######
#......###...#
#............#


You could see an orc priest.

Vanquished Creatures
  3 orc wizards (D:3)
  An iguana (D:3)
  3 adders
  2 worms
  13 orcs
  7 ball pythons
  4 bats
  6 endoplasms
  2 giant cockroaches
  4 goblins
  6 hobgoblins
  17 jackals
  5 quokkas
  12 frilled lizards
  6 kobolds
  6 rats
97 creatures vanquished.

Notes
Turn   | Place    | Note
-------+----------+-------------------------------------------
     0 | D:1      | avis the Felid Shapeshifter began the quest for the Orb.
     0 | D:1      | Reached XP level 1. HP: 9/9 MP: 2/2
    44 | D:1      | Reached skill level 3 in Dodging
   140 | D:1      | Reached XP level 2. HP: 12/12 MP: 3/3
   374 | D:1      | Reached skill level 4 in Dodging
   530 | D:1      | Reached XP level 3. HP: 16/16 MP: 4/4
   964 | D:2      | Reached skill level 1 in Stealth
  1032 | D:2      | Reached XP level 4. HP: 12/19 MP: 5/5
  1160 | D:2      | Reached skill level 5 in Dodging
  1257 | D:2      | Found Cinuweo's Antique Armour Shop.
  1693 | D:3      | Killed from afar by an orc priest
  1694 | D:3      | Reached XP level 3. HP: -6/24 MP: 4/4
  1739 | D:3      | Reached XP level 4. HP: 14/20 MP: 5/5
  1849 | D:3      | Reached skill level 6 in Dodging
  2084 | D:3      | Reached XP level 5. HP: 15/24 MP: 6/6
  2322 | D:3      | Killed from afar by an orc priest

Illustrated notes

Levels and vault maps discovered:
D:1:      minmay_arrival_doors, layout_basic, minmay_3d_cube
D:2:      layout_rooms, serial_shops, nicolae_shop_rolling_square,
          minmay_box_of_dots
D:3:      layout_loops_cross, hangedman_feature_mirror, minmay_lizard_king
D:4:      layout_cave_pods, glass_columns_a, uniq_blork_the_orc

Skill      XL: |  1  2  3  4 |
---------------+-------------+-----
Dodging        | 3 4 6 |  6.4
Fighting       | 2 3 |  3.1
Stealth        | 2 |  2.0
Unarmed Combat | |  3.0
Shapeshifting  | |  3.2

Action                     |  1- 3 |  4- 6 || total
---------------------------+-------+-------++-------
  Melee: Unarmed           |   122 |   101 ||   223
         Bite              |    12 |     9 ||    21
         Punch             |     3 |     3 ||     6
    Use: Potion            |       |     1 ||     1
   Stab: Sleeping          |     5 |     5 ||    10
 Armour: Skin              |     7 |     2 ||     9
  Dodge: Dodged            |    74 |    47 ||   121

Table legend: (Time is in decaauts)
 A = Elapsed time spent in this place.
 B = Non-inter-level travel time spent in this place.
 C = Inter-level travel time spent in this place.
 D = Time resting spent in this place.
 E = Time spent auto-exploring this place.
 F = Levels seen in this place.
 G = Mean time per level.
                   A        B        C        D        E       F      G
               +--------+--------+--------+--------+--------+-----+--------+
         Total |   1983 |   1808 |    175 |    320 |    763 |   4 |  495.8 |
       Dungeon |   1983 |   1808 |    175 |    320 |    763 |   4 |  495.8 |
               +--------+--------+--------+--------+--------+-----+--------+

Top non-repeatable levels by time:
     D:1: 708 daAuts
     D:3: 703 daAuts
     D:2: 561 daAuts
     D:4: 10 daAuts
